AoeStats
← TheDayOfDurin

Black Forest

510357469Analyzed
4v4 RM · 1d ago on Sep 30, 2026· 70m 10s· 8 players
Game mode
Random Map
Map size
Large (8 player)
Population
200
Speed
Normal
Resources
Standard
Victory
Conquest
Starting age
Dark Age
Ending age
Imperial Age
RankedLock teamsTeams togetherTeam positionsShared explorationLock speedFull tech treeHidden civsTurbo modeCheats
Victory
Defeat
🇸🇰 Saracens · Slovakia
875
+17
🇮🇹 Burgundians · Italy
874
+17
🇮🇹 Ethiopians · Italy
872
+17
🇮🇹 Persians · Italy
826
+19
🇨🇳 Britons · China
974
-20
🇨🇳 Magyars · China
946
-20
🇳🇴 Franks · Norway
832
-15
🇪🇨 Britons · Ecuador
826
-15
DanTe
0:26 Loom
14:52 Feudal Age
16:51 Double-Bit Axe
16:49 Horse Collar
23:09 Castle Age
21:27 Fletching
21:37 Padded Archer Armor
24:06 Bow Saw
27:43 Wheelbarrow
27:40 Elite Skirmisher
30:05 Heavy Plow
37:36 Imperial Age
36:12 Ballistics
36:24 Thumb Ring
36:22 Bodkin Arrow
36:27 Padded Archer Armor
38:10 Fortified Wall
38:14 Padded Archer Armor
38:49 Conscription
39:37 Two-Man Saw
39:23 Siege Engineers
41:28 Torsion Engines
42:14 Onager
43:37 Masonry
45:45 Chemistry
47:28 Architecture
46:56 Siege Onager
47:57 Caravan
48:43 Murder Holes
62:42 Hand Cart
62:13 Town Watch
64:16 Elite Shotel Warrior
68:37 Town Patrol
69:30 Forging
69:26 Scale Barding Armor
69:15 Cavalier
69:55 Husbandry
71:07 Iron Casting
TheDayOfDurin
0:31 Loom
13:22 Feudal Age
17:48 Castle Age
16:05 Double-Bit Axe
16:19 Horse Collar
23:12 Bow Saw
30:27 Imperial Age
29:02 Wheelbarrow
29:05 Squires
30:19 Fletching
30:29 Padded Archer Armor
30:59 Hand Cart
30:46 Heavy Plow
31:50 Two-Man Saw
31:45 Gold Mining
31:46 Stone Mining
32:10 Forging
31:56 Bodkin Arrow
32:17 Leather Archer Armor
32:02 Scale Mail Armor
32:58 Crop Rotation
33:23 Gold Shaft Mining
34:16 Chemistry
33:55 Conscription
36:22 Kamandaran
36:21 Heated Shot
36:27 Murder Holes
36:54 Ballistics
37:08 Ring Archer Armor
37:13 Iron Casting
36:53 Chain Mail Armor
38:37 Scale Barding Armor
39:31 Caravan
40:02 Coinage
39:06 Cavalier
39:47 Husbandry
39:57 Bloodlines
39:08 Light Cavalry
40:32 Pikeman
45:09 Halberdier
45:50 Hussar
45:53 Savar
46:08 Elite War Elephant
48:08 Plate Mail Armor
48:39 Blast Furnace
48:00 Chain Barding Armor
47:31 Town Watch
48:20 Banking
47:57 Gambesons
47:58 Arson
50:32 Heavy Camel Rider
51:06 Crossbowman
51:52 Thumb Ring
57:05 Stone Shaft Mining
66:38 Plate Barding Armor
69:24 Masonry
69:05 Guard Tower
69:13 Herbal Medicine
69:20 Devotion
69:55 Theocracy
69:26 Town Patrol
68:51 Man-at-Arms
69:00 Elite Skirmisher
69:20 Sappers
70:25 Hoardings
Rick Il Rosso
0:25 Loom
7:29 Horse Collar
8:58 Double-Bit Axe
12:17 Feudal Age
10:53 Double-Bit Axe
16:15 Bow Saw
16:07 Heavy Plow
20:13 Castle Age
19:30 Wheelbarrow
21:13 Husbandry
20:34 Cavalier
20:35 Light Cavalry
23:02 Scale Barding Armor
24:58 Hand Cart
24:30 Town Watch
30:13 Caravan
33:40 Two-Man Saw
33:33 Burgundian Vineyards
35:05 Chain Barding Armor
34:56 Forging
38:21 Imperial Age
36:52 Town Patrol
38:45 Iron Casting
38:56 Paladin
39:08 Hussar
40:17 Conscription
41:23 Chemistry
40:44 Ballistics
40:59 Elite Coustillier
43:13 Elite Skirmisher
45:29 Murder Holes
50:50 Plate Barding Armor
51:53 Pikeman
52:40 Squires
54:17 Halberdier
58:12 Padded Archer Armor
58:03 Fletching
58:17 Scale Mail Armor
60:50 Leather Archer Armor
61:16 Crop Rotation
67:09 Masonry
66:46 Treadmill Crane
69:18 Bodkin Arrow
70:24 Blast Furnace
69:40 Chain Mail Armor
69:15 Arson
70:20 Flemish Revolution
Fireman
0:33 Loom
11:58 Feudal Age
12:54 Double-Bit Axe
12:54 Horse Collar
17:26 Castle Age
16:16 Stone Mining
18:13 Heavy Plow
18:28 Bow Saw
23:46 Wheelbarrow
27:57 Hand Cart
29:14 Forging
29:10 Scale Barding Armor
30:33 Iron Casting
29:57 Gold Mining
29:56 Town Watch
33:12 Imperial Age
31:06 Chain Barding Armor
31:26 Bloodlines
31:17 Husbandry
32:02 Caravan
33:31 Fletching
34:24 Conscription
34:45 Elite Mameluke
36:45 Plate Barding Armor
37:12 Blast Furnace
37:16 Chemistry
38:12 Ballistics
37:58 Siege Engineers
37:32 Light Cavalry
41:11 Parthian Tactics
41:29 Gold Shaft Mining
40:43 Hussar
42:32 Bodkin Arrow
57:00 Onager
57:46 Bracer
57:47 Padded Archer Armor
67:52 Leather Archer Armor
Sir Toby
1:14 Loom
12:41 Feudal Age
13:57 Double-Bit Axe
15:13 Wheelbarrow
20:06 Castle Age
22:03 Bow Saw
21:49 Fishing Lines
22:51 Gillnets
23:51 Scale Barding Armor
23:57 Forging
23:48 Scale Mail Armor
23:41 Fletching
25:18 Hand Cart
26:07 Husbandry
30:19 Gold Mining
30:19 Stone Mining
30:53 Chain Barding Armor
30:48 Chain Mail Armor
33:06 Iron Casting
36:57 Imperial Age
38:15 Plate Barding Armor
38:10 Plate Mail Armor
38:42 Blast Furnace
37:38 Bodkin Arrow
37:22 Cavalier
39:19 Conscription
39:07 Chivalry
39:22 Paladin
41:02 Caravan
41:35 Coinage
42:00 Ballistics
52:42 Banking
KAISER962605
1:16 Loom
12:58 Feudal Age
13:51 Double-Bit Axe
21:09 Gold Mining
23:29 Castle Age
22:45 Stone Mining
25:23 Gold Shaft Mining
25:50 Fletching
26:02 Padded Archer Armor
28:40 Bow Saw
32:55 Fortified Wall
33:41 Yeomen
35:55 Ballistics
41:53 Imperial Age
42:20 Elite Longbowman
44:29 Bodkin Arrow
44:50 Leather Archer Armor
46:35 Chemistry
46:16 Bracer
46:46 Ring Archer Armor
52:11 Warwolf
子薄
6:11 Loom
10:55 Feudal Age
16:40 Castle Age
14:34 Double-Bit Axe
14:31 Horse Collar
19:31 Bow Saw
23:40 Fishing Lines
26:55 Wheelbarrow
26:58 Gold Mining
26:58 Stone Mining
27:10 Heavy Plow
27:54 Gillnets
29:16 Gold Shaft Mining
29:39 Scale Barding Armor
29:52 Hand Cart
32:57 Imperial Age
30:35 Corvinian Army
30:59 Chain Barding Armor
33:50 Bloodlines
33:42 Husbandry
34:56 Two-Man Saw
34:33 Crop Rotation
33:45 Cavalier
35:44 Conscription
34:47 Elite Magyar Huszar
36:06 Plate Barding Armor
34:56 Heavy Scorpion
35:43 Paladin
38:44 Siege Engineers
39:00 Ballistics
42:54 Coinage
Beedo
13:07 Feudal Age
15:15 Double-Bit Axe
15:13 Horse Collar
19:16 Castle Age
20:04 Loom
20:05 Crossbowman
20:56 Heavy Plow
21:11 Bow Saw
21:12 Fletching
24:08 Wheelbarrow
23:20 Town Watch
25:01 Bodkin Arrow
26:29 Pikeman
27:57 Padded Archer Armor
31:06 Leather Archer Armor
30:53 Scale Mail Armor
31:13 Hand Cart
35:36 Yeomen
36:00 Town Patrol
39:03 Imperial Age
38:04 Chain Mail Armor
38:00 Forging
37:44 Gold Mining
38:23 Ballistics
39:29 Squires
39:16 Gambesons
39:55 Bracer
39:52 Halberdier
40:18 Arbalester
41:13 Capped Ram
44:28 Chemistry
44:15 Conscription
45:44 Ring Archer Armor
52:25 Caravan
64:19 Plate Mail Armor
64:26 Iron Casting
68:32 Two-Man Saw
69:01 Blast Furnace
Connection lost

Rejoining the realm…

Still unreachable

The connection could not be restored.

Session expired

The server has moved on; the page needs a fresh start.